 Seeded DCSS version 0.30-a0-870-gc5d4c5acee (webtiles) character file.

Game seed: 9908990106765037600 (custom seed)

43281 tkbsonic5 the Markshuman (level 14, -8/113 HPs)
             Began as a Human Hunter on Mar 11, 2023.
             Was a Priest of Uskayaw.
             Killed from afar by a rime drake (14 damage)
             ... with an icy flash freeze
             ... on level 5 of the Lair of Beasts.
             The game lasted 00:52:03 (14109 turns).

tkbsonic5 the Markshuman (Human Hunter)            Turns: 14109, Time: 00:52:04

Health: -8/113     AC: 25    Str: 20    XL:     14   Next: 59%
Magic:  13/20      EV: 16    Int: 10    God:    Uskayaw [***...]
Gold:   1046       SH:  0    Dex: 21    Spells: 13/13 levels left

rFire   . . .      SeeInvis .    i - +7 triple crossbow (flame)
rCold   + . .      Faith    +    (shield currently unavailable)
rNeg    . . .      Spirit   .    P - +9 steam dragon scales of Mutualism {Regen+ rCorr Str+2}
rPois   +          Reflect  .    d - +1 helmet
rElec   .          Rampage  .    f - +2 cloak
rCorr   +                        (no gloves)
Will    +....                    l - +3 pair of mountain boots {steadfast, rC+, Heavy Creepers}
Stlth   ++++                     h - amulet of faith
HPRegen 1.18/turn                t - +6 ring of strength
MPRegen 0.17/turn                w - ring of poison resistance

@: hasted, very quick
A: no striking features
a: Renounce Religion, Stomp, Line Pass


You were on level 5 of the Lair of Beasts.
You worshipped Uskayaw.
Uskayaw was aware of your devotion.
You visited 3 branches of the dungeon, and saw 17 of its levels.

You collected 1046 gold pieces.

Inventory:

Hand Weapons
 i - a +7 triple crossbow of flaming (weapon)
 y - the +3 mace "Anwuesif" {vamp, Will+ SInv}
   (You found it on level 6 of the Dungeon)

   SInv:      It lets you see invisible.
   Will:      It increases your willpower.
Missiles
 q - 15 boomerangs
Armour
 c - a +0 leather armour
 d - a +1 helmet (worn)
 f - a +2 cloak (worn)
 j - the +3 leather armour "Wasaum" {rPois rF+ Int-2}
   (You found it on level 3 of the Lair of Beasts)

   Int:       It affects your intelligence (-2).
   rF:        It protects you from fire.
   rPois:     It protects you from poison.
 l - the +3 pair of mountain boots (worn) {steadfast, rC+, Heavy Creepers}
   (You acquired it on level 3 of the Dungeon)

   Steadfast: It prevents involuntary movement, except for blinking,
   teleportation, or banishment.
   rC:        It protects you from cold.
 o - a +0 ring mail
 I - a scarf of invisibility
 M - a +1 robe of willpower
 P - the +9 steam dragon scales of Mutualism (worn) {Regen+ rCorr Str+2}
   (You found it on level 9 of the Dungeon)

   Str:       It affects your strength (+2).
   Regen:     It increases your rate of health regeneration.
   rCorr:     It protects you from acid and corrosion.
Jewellery
 h - an amulet of faith (around neck)
 r - a ring of resist corrosion
 t - a +6 ring of strength (left hand)
 w - a ring of poison resistance (right hand)
 F - an amulet of the acrobat
 J - a ring of protection from cold
 Q - a +5 ring of evasion
Wands
 a - a wand of roots (3)
 g - a wand of flame (58)
 m - a wand of paralysis (4)
 D - a wand of light (6)
 H - a wand of mindburst (7)
Scrolls
 b - 3 scrolls of fog
 e - a scroll of poison
 s - 4 scrolls of fear
 z - 6 scrolls of teleportation
Potions
 k - 6 potions of lignification
 n - a potion of invisibility {unknown}
 p - 4 potions of flight
 u - 3 potions of cancellation
 x - a potion of mutation {unknown}
 A - 3 potions of heal wounds
 B - a potion of berserk rage {unknown}
 C - 4 potions of curing
 E - 2 potions of might
 G - 3 potions of resistance
 O - a potion of brilliance {unknown}
 R - 3 potions of magic
 S - a potion of ambrosia {unknown}
Miscellaneous
 v - a box of beasts (inert)
 K - a phial of floods
 N - a piece from Xom's chessboard (15/15)


   Skills:
 * Level 11.2 Fighting
 - Level 0.5 Maces & Flails
 * Level 17.3 Ranged Weapons
 + Level 5.7 Armour
 + Level 5.7 Dodging
 + Level 6.3 Stealth
 + Level 8.8 Invocations
 + Level 5.1 Evocations


You had 13 spell levels left.
You didn't know any spells.
Your spell library contained the following spells:

 Spells                   Type           Power      Damage    Failure   Level
 Ensorcelled Hibernation  Hex/Ice        0%         N/A       50%         2
 Call Canine Familiar     Summ           0%         N/A       75%         3
 Inner Flame              Hex/Fire       0%         N/A       75%         3
 Portal Projectile        Hex/Tloc       0%         N/A       75%         3
 Spider Form              Tmut/Pois      0%         N/A       75%         3
 Anguish                  Hex/Necr       0%         N/A       98%         4
 Cause Fear               Hex            0%         N/A       98%         4
 Leda's Liquefaction      Hex/Erth       0%         N/A       98%         4
 Olgreb's Toxic Radiance  Pois           0%         N/A       98%         4
 Petrify                  Tmut/Erth      0%         N/A       98%         4
 Metabolic Englaciation   Hex/Ice        0%         N/A       100%        5
 Summon Forest            Summ/Tloc      0%         N/A       100%        5
 Eringya's Noxious Bog    Tmut/Pois      0%         N/A       100%        6
 Statue Form              Tmut/Erth      0%         N/A       100%        6
 Ozocubu's Refrigeration  Ice            0%         4d7       100%        7
 Summon Hydra             Summ           0%         N/A       100%        7
 Discord                  Hex            0%         N/A       100%        8
 Ignition                 Fire           0%         3d3       100%        8


Dungeon Overview and Level Annotations

Branches:
Dungeon (11/15)            Temple (1/1) D:5            Lair (5/5) D:11
  Swamp (0/4) Lair:3        Snake (0/4) Lair:3        Slime (0/5) Lair:4
    Orc (0/2) D:10

Altars:
Ashenzari
Cheibriados
Dithmenos
Elyvilon
Fedhas
Gozag
Hepliaklqana
Kikubaaqudgha
Makhleb
Nemelex Xobeh
Okawaru
Qazlal
Ru
Sif Muna
Trog
Uskayaw
Vehumet
Wu Jian
Xom
Yredelemnul
Zin
The Shining One
Jiyva

Portals:
Trove: D:11 (give +2 gold dragon scales)

Annotations:
D:9 3 runed translucent doors, Pokonic1's ghost, novice TrMo; iguanaiguana's ghost, novice AtIE
D:11 Josephine
Lair:2 1 runed translucent door, domi's ghost, journeyman DsCj


Message History

The bolt hits the skyshark but does no damage.
The skyshark is almost dead.
The skyshark bites you! The skyshark tail-slaps you.
The skyshark barely misses you. The water moccasin barely misses you.
The skyshark closely misses you. The skyshark misses you.
The skyshark tail-slaps you but does no damage.
The water moccasin misses you.
Fire: i) +7 triple crossbow (flame)
Press: ? - help, Q - select action, (/) - cycle Shift-Dir - straight line, f/p - skyshark
Aim: a skyshark (almost dead, berserk, sharing its pain, 79% to hit)
You shoot a bolt. The bolt hits the skyshark.
You kill the water moccasin!
The bolt burns the skyshark.
The skyshark is almost dead.
The skyshark is no longer sharing its pain.
The skyshark bites you but does no damage.
The skyshark closely misses you. The skyshark tail-slaps you.
A rime drake comes into view.
The skyshark bites you!!
* * * LOW HITPOINT WARNING * * *
The skyshark tail-slaps you but does no damage.
The skyshark barely misses you.
The rime drake hisses angrily.
You feel yourself speed up. The skyshark misses you.
The skyshark tail-slaps you but does no damage.
The skyshark misses you. The skyshark attacks as you move away!
The skyshark bites you!
* * * LOW HITPOINT WARNING * * *
The skyshark misses you. The skyshark tail-slaps you!
* * * LOW HITPOINT WARNING * * *
Found a potion of resistance.
The skyshark closely misses you. The skyshark misses you.
The skyshark tail-slaps you but does no damage.
Okay, then.
Aiming: Line Pass
Press: ? - help, Dir - move target, p - skyshark The skyshark appears confused.
The rime drake breathes ice at you. The icy flash freeze hits you!
You partially resist.
You die...

~~~~..... ...........#..
~~~....# ...#......##.. ~
#k~...## ..###......#..
~~##.....##..###.....##..
..~...........#.#[...#.#.
.........................
.........#....##.....###.
........l###.........# ##
........@.#.....#...#####
.........#.#...#.....#..#
.........................
.#.#.P#..##.##.##.###..P#
#.#.############### ##P.#
#### ####


You could see a skyshark (berserk, confused) and a rime drake (catching breath).

Vanquished Creatures
  5 hydras
  A catoblepas (Lair:3)
  2 ghost crabs (Lair:3)
  A two-headed ogre (D:8)
  5 death yaks (Lair:4)
  Urug (D:10)
  Nergalle (D:11)
  3 skysharks
  2 skeletal warriors (D:9)
  Pikel (D:8)
  A lindwurm (Lair:4)
  An orc knight (D:10)
  A harpy (Lair:5)
  An oklob plant (Lair:4)
  A cyclops (D:11)
  An orc sorcerer (D:10)
  A manticore (D:11)
  9 elephants
  2 black mambas (Lair:3)
  Psyche (D:11)
  7 cane toads
  A torpor snail (Lair:4)
  10 komodo dragons
  An unseen horror (D:10)
  A kobold demonologist (D:9)
  3 rime drakes
  3 polar bears
  2 trolls
  4 hornets
  6 blink frogs (Lair:5)
  Prince Ribbit (D:7)
  6 wraiths
  28 yaks
  8 wyverns
  Eustachio (D:6)
  3 steam dragons
  3 basilisks
  A spectral komodo dragon (Lair:3)
  Grum (D:8)
  2 vampire mosquitoes (D:9)
  2 nagas (Lair:3)
  An acid dragon (D:11)
  12 water moccasins
  5 orc warriors
  A spectral blink frog (Lair:3)
  A spectral torpor snail (Lair:3)
  3 sky beasts (D:7)
  An ice beast (D:7)
  A spectral rime drake (Lair:3)
  4 wolves (D:8)
  3 ogres
  A lemure (D:8)
  2 phantoms
  3 kobold brigands
  6 bullfrogs
  5 scorpions
  17 wights
  13 killer bees
  3 electric eels (D:9)
  4 howler monkeys
  5 hounds
  2 jellies
  12 orc priests
  Crazy Yiuf (D:6)
  A gnoll bouda (D:8)
  Jessica (D:3)
  18 orc wizards
  A sleepcap (D:7)
  Terence (D:2)
  4 iguanas
  15 adders
  3 gnolls (D:4)
  A shadow imp (D:7)
  A worm (D:2)
  3 dart slugs
  77 orcs
  5 ball pythons
  9 bats
  11 endoplasms
  4 giant cockroaches
  10 goblins
  10 hobgoblins
  6 jackals
  21 kobolds
  A quokka (D:1)
  5 frilled lizards
  2 rats
451 creatures vanquished.

Vanquished Creatures (others)
  15 fungi
  49 plants
64 creatures vanquished.

Grand Total: 515 creatures vanquished

Notes
Turn   | Place    | Note
-------+----------+-------------------------------------------
     0 | D:1      | tkbsonic5 the Human Hunter began the quest for the Orb.
     0 | D:1      | Reached XP level 1. HP: 16/16 MP: 1/1
   116 | D:1      | Reached XP level 2. HP: 22/22 MP: 2/2
   307 | D:1      | Reached XP level 3. HP: 28/28 MP: 3/3
   947 | D:2      | Noticed Terence
  1323 | D:2      | Reached XP level 4. HP: 34/34 MP: 4/4
  1576 | D:2      | Found a faded altar of an unknown god.
  1581 | D:2      | Reached skill level 5 in Ranged Weapons
  1609 | D:2      | Killed Terence
  1839 | D:2      | Reached XP level 5. HP: 40/41 MP: 5/5
  2130 | D:3      | Found a snail-covered altar of Cheibriados.
  2247 | D:3      | Noticed Jessica
  2257 | D:3      | Killed Jessica
  2537 | D:3      | Identified 2 scrolls of acquirement
  2538 | D:3      | Acquired a +5 triple crossbow of flaming
  2539 | D:3      | Acquired the +3 pair of mountain boots {steadfast, rC+}
  2539 | D:3      | Found the +3 pair of mountain boots {steadfast, rC+}
  3103 | D:4      | Noticed a phantom
  3111 | D:4      | Killed a phantom
  3112 | D:4      | Reached skill level 6 in Ranged Weapons
  3112 | D:4      | Reached XP level 6. HP: 32/48 MP: 6/6
  3193 | D:4      | Reached XP level 7. HP: 54/54 MP: 7/7
  3313 | D:4      | Reached skill level 7 in Ranged Weapons
  3706 | D:5      | Entered Level 5 of the Dungeon
  3738 | D:5      | Reached skill level 5 in Fighting
  3738 | D:5      | Reached XP level 8. HP: 62/62 MP: 8/8
  3748 | D:5      | Found a staircase to the Ecumenical Temple.
  3768 | Temple   | Entered the Ecumenical Temple
  3846 | Temple   | Became a worshipper of Uskayaw the Reveller
  3871 | D:5      | Reached * piety under Uskayaw
  3872 | D:5      | Reached skill level 8 in Ranged Weapons
  3875 | D:5      | Reached ** piety under Uskayaw
  3878 | D:5      | Reached *** piety under Uskayaw
  3948 | D:5      | Reached skill level 1 in Invocations
  4087 | D:5      | Identified the +6 sling "Duvej" {drain, *Slow rPois Str-5
                  | Int+4}
  4127 | D:5      | Found a shadowy altar of Dithmenos.
  4211 | D:5      | Found a radiant altar of Vehumet.
  4212 | D:5      | Noticed a wyvern
  4217 | D:5      | Killed a wyvern
  4599 | D:6      | Reached skill level 9 in Ranged Weapons
  4621 | D:6      | Reached XP level 9. HP: 69/69 MP: 10/10
  4622 | D:6      | Reached **** piety under Uskayaw
  4627 | D:6      | Reached ***** piety under Uskayaw
  4943 | D:6      | Found a glowing golden altar of the Shining One.
  4993 | D:6      | Identified the +3 mace "Anwuesif" {vamp, Will+ SInv}
  5056 | D:6      | Found a runed translucent door.
  5057 | D:6      | Noticed Crazy Yiuf
  5156 | D:6      | Noticed Eustachio
  5163 | D:6      | Killed Eustachio
  5542 | D:6      | Killed Crazy Yiuf
  5543 | D:6      | Reached skill level 10 in Ranged Weapons
  5981 | D:7      | Reached skill level 1 in Armour
  5983 | D:7      | Reached XP level 10. HP: 74/79 MP: 13/13
  6069 | D:7      | Reached skill level 5 in Invocations
  6196 | D:7      | Noticed Prince Ribbit
  6199 | D:7      | Killed Prince Ribbit
  6666 | D:8      | Noticed Pikel
  6778 | D:7      | Reached skill level 11 in Ranged Weapons
  6962 | D:8      | Noticed Grum
  6967 | D:8      | Reached ****** piety under Uskayaw
  6974 | D:8      | Killed Grum
  7415 | D:8      | Killed Pikel
  7416 | D:8      | Reached skill level 12 in Ranged Weapons
  7416 | D:8      | Reached XP level 11. HP: 86/86 MP: 15/15
  7509 | D:8      | Noticed a two-headed ogre
  7551 | D:8      | Killed a two-headed ogre
  8209 | D:9      | Identified the +9 steam dragon scales of Mutualism {Regen+
                  | rCorr Str+2}
  8336 | D:9      | Reached skill level 13 in Ranged Weapons
  8352 | D:9      | Found a runed translucent gate.
  8352 | D:9      | Found a runed translucent gate.
  8353 | D:9      | Found a runed translucent gate.
  8354 | D:9      | Noticed Pokonic1's ghost (novice TrMo)
  8354 | D:9      | Noticed iguanaiguana's ghost (novice AtIE)
  8404 | D:9      | Noticed a skeletal warrior
  8404 | D:9      | Noticed a skeletal warrior
  8409 | D:9      | Killed a skeletal warrior
  8413 | D:9      | Killed a skeletal warrior
  8766 | D:9      | Reached skill level 14 in Ranged Weapons
  9170 | D:10     | Entered Level 10 of the Dungeon
  9170 | D:10     | Noticed Urug
  9178 | D:10     | Killed Urug
  9280 | D:10     | Found a staircase to the Orcish Mines.
  9330 | D:10     | Noticed an orc sorcerer
  9332 | D:10     | Noticed an orc knight
  9335 | D:10     | Killed an orc sorcerer
  9335 | D:10     | Killed an orc knight
  9351 | D:10     | Reached skill level 15 in Ranged Weapons
  9369 | D:10     | Reached XP level 12. HP: 93/93 MP: 16/16
 10142 | D:11     | Noticed Psyche
 10145 | D:11     | Killed Psyche
 10165 | D:11     | Noticed Josephine
 10402 | D:11     | Found a sparkling altar of Nemelex Xobeh.
 10521 | D:11     | Noticed Nergalle
 10537 | D:11     | Killed Nergalle
 10538 | D:11     | Reached skill level 1 in Evocations
 10546 | D:11     | Found a staircase to the Lair.
 10564 | D:11     | Reached skill level 16 in Ranged Weapons
 10775 | D:11     | Found a portal to a secret trove of treasure.
 10952 | Lair:1   | Entered Level 1 of the Lair of Beasts
 11199 | Lair:1   | Found the +10 Black Knight's barding {ponderous, rPois rN+}
 11217 | Lair:1   | Found a hide-covered altar of Uskayaw.
 11589 | Lair:2   | Noticed a six-headed hydra
 11595 | Lair:2   | Killed a six-headed hydra
 11596 | Lair:2   | Reached XP level 13. HP: 89/101 MP: 18/18
 12002 | Lair:2   | Found a runed translucent door.
 12002 | Lair:2   | Found a shimmering altar of Xom.
 12002 | Lair:2   | Noticed domi's ghost (journeyman DsCj)
 12535 | Lair:3   | Identified the +3 leather armour "Wasaum" {rPois rF+ Int-2}
 12582 | Lair:3   | Noticed a catoblepas
 12591 | Lair:3   | Killed a catoblepas
 12595 | Lair:3   | Noticed a ghost crab
 12598 | Lair:3   | Killed a ghost crab
 12612 | Lair:3   | Noticed a ghost crab
 12619 | Lair:3   | Killed a ghost crab
 12620 | Lair:3   | Found a staircase to the Swamp.
 12669 | Lair:3   | Reached skill level 10 in Fighting
 12669 | Lair:3   | Found a staircase to the Snake Pit.
 12967 | Lair:4   | Noticed a four-headed hydra
 12974 | Lair:3   | Reached skill level 5 in Stealth
 13257 | Lair:4   | Found a staircase to the Slime Pits.
 13257 | Lair:4   | Found a viscous altar of Jiyva.
 13298 | Lair:4   | Killed a four-headed hydra
 13369 | Lair:4   | Reached skill level 5 in Dodging
 13373 | Lair:4   | Reached skill level 5 in Armour
 13373 | Lair:4   | Reached XP level 14. HP: 98/111 MP: 20/20
 13396 | Lair:4   | Identified the +4 scale mail of Toel {rElec Will+ Slay-6}
 13551 | Lair:4   | Reached skill level 17 in Ranged Weapons
 13747 | Lair:5   | Entered Level 5 of the Lair of Beasts
 14019 | Lair:5   | Reached skill level 5 in Evocations
 14108 | Lair:5   | HP: 4/113 [skyshark (9)]
 14109 | Lair:5   | Killed from afar by a rime drake

Illustrated notes

Levels and vault maps discovered:
D:1:      giann_bridges, layout_loops_corners, serial_glass, glass_columns_a,
          glass_columns_b, minmay_pentomino_w4
D:2:      layout_rooms, serial_co_window_serial, co_window_of_opportunity_a,
          co_window_paths_a, co_window_of_opportunity_a, co_window_cross_1,
          co_window_paths_a, co_window_broadway_a, co_window_paths_c,
          co_window_broadway_a, co_window_4corner_b, glass_columns_a,
          hellmonk_ecumenical_altar_blasted, uniq_terence
D:3:      layout_basic, mainiacjoe_overflow_surrounded_room, serial_forest,
          infiniplex_forest_zigzag_2, infiniplex_forest_end_1,
          infiniplex_forest_corner_2, infiniplex_forest_end_2,
          infiniplex_forest_lined_1, infiniplex_forest_clump_curved,
          infiniplex_forest_lined_room_3, infiniplex_forest_clump_curved,
          infiniplex_forest_fountain, guppyfry_early_orc_mine, uniq_jessica
D:4:      layout_cave_pools
D:5:      layout_layer_cave, lemuel_round_altar,
          nicolae_dithmenos_shadow_blocks, minmay_temple_entry_large_hall
D:6:      layout_gridville, tso_oasis_becter, uniq_eustachio,
          uniq_crazy_yiuf_cottage
D:7:      layout_gridville, minmay_statues_item, uniq_prince_ribbit1
D:8:      layout_cave_pools, hellmonk_bongcloud_opening, st_stairs_6,
          uniq_pikel, uniq_grum
D:9:      layout_stronghold, gammafunk_ghost_cemetery, serial_bayou,
          serial_bayou_pond_e, serial_bayou_shore_b, serial_bayou_shore_a,
          serial_bayou_lagoon_a, minivault_20, minmay_liquid_box
D:10:     layout_irregular_city, hiddenorc2_lemuel, uniq_urug
D:11:     layout_stronghold, minmay_lair_entry_grove, trove_entry_hex_spiral,
          minivault_16, nemelex_xobeh_ov_fountains_minmay, uniq_psyche,
          uniq_josephine, uniq_nergalle
Temple:   compressed_dpeg_circular_temple
Lair:1:   layout_chaotic_city, basic_altar, cheibrodos_lair_reptile_den
Lair:2:   layout_regular_city, ebering_ghost_xom
Lair:3:   layout_concentric_octagons, nicolae_swamp_entry_spooky,
          guppyfry_snake_entry_island
Lair:4:   layout_roguey, slime_entry_1, st_stairs_4
Lair:5:   gammafunk_lair_ancient_temple, layout_regular_city

Skill      XL: |  1  2  3  4  5  6  7  8  9 10 11 12 13 14 |
---------------+-------------------------------------------+-----
Ranged Weapons | 5 6 7 9 10 12 15 16 17 | 17.3
Fighting       | 3 4 5 6 7 8 9 10 11 | 11.2
Invocations    | 2 4 6 7 8 |  8.8
Armour         | 1 2 3 5 |  5.7
Stealth        | 2 3 5 6 |  6.3
Evocations     | 2 4 5 |  5.1
Dodging        | 3 5 |  5.7
Maces & Flails | |  0.5

Action                     |  1- 3 |  4- 6 |  7- 9 | 10-12 | 13-15 || total
---------------------------+-------+-------+-------+-------+-------++-------
  Melee: Whip              |    14 |    21 |       |       |       ||    35
         Spear             |     8 |    86 |       |       |       ||    94
         Punch             |       |     1 |       |       |       ||     1
   Fire: Shortbow          |    62 |    29 |       |       |       ||    91
         Triple crossbow   |       |    19 |   142 |   377 |   224 ||   762
 Invoke: Line Pass         |       |       |     2 |     6 |     2 ||    10
         Grand Finale      |       |       |       |     1 |       ||     1
         Stomp             |       |       |       |     5 |     6 ||    11
  Evoke: Wand              |       |       |       |     2 |     4 ||     6
         Box of beasts     |       |       |       |       |     1 ||     1
    Use: Scroll            |     8 |     7 |     5 |    11 |     5 ||    36
         Potion            |       |     1 |       |     1 |     1 ||     3
 Armour: Leather armour    |     6 |    16 |    44 |    33 |       ||    99
         Ring mail         |    27 |    32 |       |       |       ||    59
         Steam dragon scal |       |       |       |    72 |    73 ||   145
  Dodge: Dodged            |    35 |    64 |    42 |   146 |    91 ||   378

Table legend: (Time is in decaauts)
 A = Elapsed time spent in this place.
 B = Non-inter-level travel time spent in this place.
 C = Inter-level travel time spent in this place.
 D = Time resting spent in this place.
 E = Time spent auto-exploring this place.
 F = Levels seen in this place.
 G = Mean time per level.
                   A        B        C        D        E       F      G
               +--------+--------+--------+--------+--------+-----+--------+
         Total |  14649 |  14071 |    578 |    804 |  10448 |  17 |  861.7 |
       Dungeon |  11273 |  10845 |    428 |    758 |   8000 |  11 | 1024.8 |
        Temple |     92 |     82 |     10 |      0 |      0 |   1 |   92.0 |
          Lair |   3283 |   3144 |    139 |     46 |   2448 |   5 |  656.6 |
               +--------+--------+--------+--------+--------+-----+--------+

Top non-repeatable levels by time:
     D:9: 1345 daAuts
     D:7: 1270 daAuts
     D:8: 1153 daAuts
     D:1: 1108 daAuts
     D:3: 1059 daAuts
     D:6: 1045 daAuts
    D:11: 1044 daAuts
     D:2: 970 daAuts
     D:5: 831 daAuts
  Lair:2: 821 daAuts
    D:10: 795 daAuts
  Lair:4: 732 daAuts
  Lair:3: 699 daAuts
  Lair:1: 651 daAuts
     D:4: 650 daAuts
